 Dungeon Crawl Stone Soup version 0.29.1-1-gd02db6906a (webtiles) character file.

Game seed: 11349088964019166472

119 lonewolfV2 the Chopper (level 4, -6/42 HPs)
             Began as a Minotaur Berserker on Oct 16, 2022.
             Was a Believer of Trog.
             Mangled by Natasha (7 damage)
             ... on level 2 of the Dungeon.
             The game lasted 00:01:59 (1897 turns).

lonewolfV2 the Chopper (Minotaur Berserker)         Turns: 1897, Time: 00:02:00

Health: -6/42      AC:  2    Str: 23    XL:     4   Next: 73%
Magic:  3/3        EV:  9    Int:  4    God:    Trog [**....]
Gold:   53         SH:  0    Dex: 10    Spells: 3/3 levels left

rFire   . . .      SeeInvis .   a - +1 hand axe (protect)
rCold   . . .      Faith    .   (no shield)
rNeg    . . .      Spirit   .   b - +0 animal skin
rPois   .          Reflect  .   (helmet restricted)
rElec   .          Harm     .   (no cloak)
rCorr   .          Rampage  .   (no gloves)
Will    .....                   (no boots)
Stlth   +.........              (no amulet)
HPRegen 0.14/turn               (no ring)
MPRegen 0.08/turn               (no ring)

@: mighty, grasped by roots, constricted
A: horns 2, retaliatory headbutt
a: Renounce Religion, Berserk, Trog's Hand


You were on level 2 of the Dungeon.
You worshipped Trog.
Trog was pleased with you.
You visited 1 branch of the dungeon, and saw 2 of its levels.

You collected 53 gold pieces.

Inventory:

Hand Weapons
 a - a +1 hand axe of protection (weapon)
Armour
 b - a +0 animal skin (worn)
Scrolls
 e - a scroll of butterflies
 i - a scroll of magic mapping
Potions
 c - a potion of might
 d - 2 potions of resistance {unknown}
 f - a potion of brilliance {unknown}
 g - a potion of magic {unknown}
 h - a potion of heal wounds {unknown}


   Skills:
 + Level 5.0 Fighting
 + Level 5.1 Axes
 + Level 2.8 Armour
 + Level 2.7 Dodging
 + Level 0.2 Stealth


You had 3 spell levels left.
You didn't know any spells.
Your spell library was empty.

Dungeon Overview and Level Annotations

Branches:
Dungeon (2/15)

Altars:

Annotations:
D:2 Natasha


Innate Abilities, Weirdness & Mutations

You have a pair of horns on your head.
You reflexively headbutt those who attack you in melee.


Message History

The adder is almost dead.
You feel sick. The adder closely misses you.
You barely miss the adder.
The adder is almost dead.
You feel sick.
You are no longer poisoned.
The adder closely misses you. The adder bites you.
You hit the adder.
Your weapon exudes an aura of protection.
You kill the adder!
Trog accepts your kill.
Your Fighting skill increases to level 5!
Found a stone staircase leading up.
You see here an adder corpse.
Natasha, Servant of Life and Death comes into view.
She is carrying a wand of roots (7).
Natasha is nearby!
Natasha is nearby!
Natasha is nearby!
Natasha hisses angrily.
You see here a metallic grey potion.
Natasha zaps a wand.
The roots erupt in riotous growth!
The grasping roots grab you! The grasping roots constrict you.
You hear an angry hiss.
You hear a shout! x2
You escape the roots grasp.
Natasha casts a spell at you. The magic dart hits you.
* * * LOW HITPOINT WARNING * * *
You see here a metallic grey potion.
An adder comes into view.
The adder hisses angrily.
Natasha zaps a wand.
The roots erupt in riotous growth!
The grasping roots grab you!
Natasha is unaffected.
The grasping roots constrict you!
* * * LOW HITPOINT WARNING * * *
You hear a shout!
It was a potion of might.
You feel very mighty all of a sudden. Natasha claws you!
You die...

.#*,*,,,,,******,,****,*,*
.#*,,,,,,,,,,,,...,,,,,,,*
.#****,,#$,,,,,...,,,,,*,*
.# *,**.***,*#S#******,*
.#####.#*.###,*#.# ***
........,,.>#,*#<#
.#####.......,*#.# .#
#.#.##.####h## .#
#.#.##.....@(# .##
#.#.##.##.#.##
..#*##.#.......#!######
#..............†......#
#.#####.....#..#.######
#.#####.#.#.#....#
#......).......#.#
......)))......#.#
#.#.##..#......#.#*****


You could see Natasha and an adder.

Vanquished Creatures
  Natasha (twice) (D:2)
  A gnoll (D:1)
  An adder (D:2)
  2 worms (D:2)
  A dart slug (D:1)
  5 orcs (D:2)
  6 ball pythons (D:1)
  2 endoplasms
  4 goblins
  4 hobgoblins (D:1)
  4 jackals (D:2)
  A quokka (D:1)
  2 frilled lizards
  A kobold (D:2)
  3 rats
39 creatures vanquished.

Notes
Turn   | Place    | Note
-------+----------+-------------------------------------------
     0 | D:1      | lonewolfV2 the Minotaur Berserker began the quest for the
                  | Orb.
     0 | D:1      | Reached XP level 1. HP: 19/19 MP: 0/0
   425 | D:1      | Reached XP level 2. HP: 26/27 MP: 1/1
  1159 | D:1      | Reached XP level 3. HP: 28/33 MP: 2/2
  1464 | D:2      | Noticed Natasha
  1472 | D:2      | Killed Natasha
  1605 | D:2      | Noticed Natasha
  1610 | D:2      | Killed Natasha
  1611 | D:2      | Reached XP level 4. HP: 38/41 MP: 3/3
  1662 | D:2      | Reached ** piety under Trog
  1663 | D:2      | Reached skill level 5 in Axes
  1887 | D:2      | Reached skill level 5 in Fighting
  1891 | D:2      | Noticed Natasha
  1896 | D:2      | HP: 1/42 [constriction (7)]
  1897 | D:2      | Mangled by Natasha

Illustrated notes

Levels and vault maps discovered:
D:1:      dpeg_arrival_lava_temple_mockup, layout_basic
D:2:      layout_basic, minmay_misc_feat_ornament, minivault_25, uniq_natasha

Skill      XL: |  1  2  3  4 |
---------------+-------------+-----
Axes           | 4 5 |  5.1
Fighting       | 4 5 |  5.0
Armour         | |  2.8
Dodging        | |  2.7
Stealth        | |  0.2

Action                   |  1- 3 |  4- 6 || total
-------------------------+-------+-------++-------
Melee: Hand axe          |    58 |    24 ||    82
       Headbutt          |     9 |     4 ||    13
  Use: Scroll            |     4 |     1 ||     5
       Potion            |       |     1 ||     1
Armor: Animal skin       |    16 |     6 ||    22
Dodge: Dodged            |    39 |    18 ||    57
